 Dungeon Crawl Stone Soup version 0.28.0-47-ge53b351184 (webtiles) character file.

Game seed: 6136132967321366703

98 nickcage the Cudgeller (level 4, 0/35 HPs)
             Began as a Demonspawn Chaos Knight on May 9, 2022.
             Was a Plaything of Xom.
             Slain by a gnoll
             ... wielding a +0 trident
              (1 damage)
             ... on level 2 of the Dungeon.
             The game lasted 00:04:20 (2423 turns).

nickcage the Cudgeller (Demonspawn Chaos Knight)    Turns: 2423, Time: 00:04:20

Health: 0/35       AC:  7    Str: 17    XL:     4   Next: 43%
Magic:  4/4        EV:  5    Int: 13    God:    Xom [.*....]
Gold:   31         SH:  0    Dex: 12    Spells: 3/3 levels left

rFire   . . .      SeeInvis .   a - +0 mace (chaos)
rCold   + . .      Faith    .   (no shield)
rNeg    . . .      Spirit   .   j - +0 plate armour
rPois   .          Reflect  .   (no helmet)
rElec   .          Harm     .   f - +0 cloak
rCorr   .          Rampage  .   (no gloves)
Will    .....                   e - +0 pair of boots
Stlth   ..........              (no amulet)
HPRegen 0.11/turn               (no ring)
MPRegen 0.09/turn               (no ring)

@: no status effects
A: hooves 1, foul stench 2, cold resistance 1, deformed body, strong 1
a: Renounce Religion


You were on level 2 of the Dungeon.
You worshipped Xom.
You were a plaything of Xom.
You visited 1 branch of the dungeon, and saw 2 of its levels.

You collected 31 gold pieces.

Inventory:

Hand Weapons
 a - a +0 mace of chaos (weapon)
Missiles
 d - 3 poisoned darts (quivered)
Armour
 b - a +2 leather armour
 e - a +0 pair of boots (worn)
 f - a +0 cloak (worn)
 i - a +0 ring mail
 j - a +0 plate armour (worn)
Scrolls
 g - 2 scrolls of amnesia {unknown}
 h - a scroll of enchant armour {unknown}
Potions
 c - 2 potions of flight {unknown}


   Skills:
 - Level 3.0 Fighting
 + Level 4.8 Maces & Flails
 - Level 1.7 Armour
 - Level 0.8 Dodging


You had 3 spell levels left.
You didn't know any spells.
Your spell library contained the following spells:

 Spells                   Type           Power      Damage    Failure   Level
 Beastly Appendage        Tmut           0%         N/A       100%        1
 Summon Small Mammal      Summ           0%         N/A       100%        1
 Wereblood                Tmut           0%         N/A       100%        2
 Call Canine Familiar     Summ           0%         N/A       100%        3
 Spider Form              Tmut/Pois      0%         N/A       100%        3
 Summon Guardian Golem    Hex/Summ       0%         N/A       100%        3


Dungeon Overview and Level Annotations

Branches:
Dungeon (2/15)

Altars:


Innate Abilities, Weirdness & Mutations

You have large cloven feet.
You sometimes emit foul miasma when damaged in melee.
Your flesh is cold resistant. (rC+)
Armour fits poorly on your strangely shaped body.
Your muscles are strong. (Str +2)


Message History

You emit a cloud of colourful smoke!
The orc barely misses you.
You barely miss the orc.
The orc is heavily wounded.
The gnoll hits you from afar with a +0 trident.
The orc hits you but does no damage.
You hit the orc but do no damage.
The orc suddenly seems more agile.
The orc is heavily wounded.
The gnoll hits you from afar with a +0 trident.
The orc barely misses you. The orc hits you but does no damage.
You hear some strange, mumbled words.
A puff of flame appears from out of thin air!
The puff of flame hits you.
You are too injured to fight recklessly!
You hit the orc but do no damage.
Xom thinks this is hilarious!
Nothing appears to happen.
The orc is heavily wounded.
The gnoll hits you from afar with a +0 trident.
* * * LOW HITPOINT WARNING * * *
The orc hits you with a +0 club.
* * * LOW HITPOINT WARNING * * *
You emit a cloud of foul miasma!
The orc hits you but does no damage.
You hear some strange, mumbled words.
A magic dart appears from out of thin air!
The magic dart hits you but does no damage.
You sock the orc!
You kill the orc!
The gnoll hits you from afar with a +0 trident.
* * * LOW HITPOINT WARNING * * *
The orc is engulfed in dark miasma.
The orc is poisoned.
The orc seems to slow down.
You kill the orc!
Something hits you but does no damage. The gnoll hits you but does no damage.
You completely miss something.
Xom makes a sudden noise!
You hear a sizzling sound.
You hear some strange, mumbled words.
Something tries to affect you, but you resist.
The gnoll hits you from afar with a +0 trident.
You die...

......#..........#
..#...#..........#
####.####........#
.....#...........#
######)##........# ###
#....#.########### ...#
#.##.#.########### ....#
..##........##.8§#.....#
#######.....'..§@☼o...[#
......#.....##.8{#g....#
#####.#..#.####### ....#
....#.#..#.##.# ...#
###.#.#....##.# ### '##
###.#.##.####.####.# .#
......##.####......# #
###.####....#.####.#
..#.#...###.######.#


You could see a gnoll and an orc.

Vanquished Creatures
  5 adders (D:2)
  A worm (D:2)
  A dart slug (D:2)
  3 orcs (D:2)
  2 endoplasms (D:2)
  A giant cockroach (D:1)
  6 hobgoblins
  A kobold (D:1)
  3 quokkas (D:2)
  7 ball pythons
  A bat (D:1)
  2 frilled lizards (D:1)
  4 goblins (D:1)
  5 rats
42 creatures vanquished.

Vanquished Creatures (others)
  3 plants (D:1)
3 creatures vanquished.

Grand Total: 45 creatures vanquished

Notes
Turn   | Place    | Note
-------+----------+-------------------------------------------
     0 | D:1      | nickcage the Demonspawn Chaos Knight began the quest for
                  | the Orb.
     0 | D:1      | Reached XP level 1. HP: 18/18 MP: 1/1
    28 | D:1      | Found a faded altar of an unknown god.
    34 | D:1      | XOM: silly message
    72 | D:1      | Reached skill level 3 in Maces & Flails
   317 | D:1      | Gained mutation: You have large cloven feet. [demonic
                  | ancestry]
   317 | D:1      | Reached XP level 2. HP: 22/24 MP: 2/2
   738 | D:1      | XOM: god gift: book of Callings
   899 | D:1      | XOM: god gift: 18 stones
  1115 | D:2      | XOM is BORED!
  1123 | D:2      | Gained mutation: You may rarely emit foul miasma when
                  | damaged in melee. [demonic ancestry]
  1123 | D:2      | Reached XP level 3. HP: 29/29 MP: 3/3
  1140 | D:2      | Reached skill level 4 in Maces & Flails
  1321 | D:2      | XOM: 2-stop teleportation journey
  1864 | D:2      | XOM: cloud trail
  1912 | D:2      | Gained mutation: You sometimes emit foul miasma when
                  | damaged in melee. [demonic ancestry]
  1912 | D:2      | Reached XP level 4. HP: 23/35 MP: 4/4
  2080 | D:2      | XOM: give mutation
  2080 | D:2      | Gained mutation: Your flesh is cold resistant. (rC+) [Xom's
                  | grace]
  2215 | D:2      | XOM: give mutations
  2215 | D:2      | Gained mutation: Your muscles are strong. (Str +2) [Xom's
                  | mischief]
  2215 | D:2      | Gained mutation: Armour fits poorly on your strangely
                  | shaped body. [Xom's mischief]
  2410 | D:2      | Found the +1 Delatra's gloves {ID++}
  2416 | D:2      | XOM: polymorph orc -> gnoll
  2418 | D:2      | XOM: smoke on damage
  2422 | D:2      | HP: 1/35 [gnoll/+0 trident (5)]
  2423 | D:2      | XOM: noise
  2423 | D:2      | Slain by a gnoll

Illustrated notes

Levels and vault maps discovered:
D:1:      minmay_arrival_shattered_statue, layout_loops_ring,
          hellmonk_ecumenical_altar_pennies_from_heaven, serial_bayou,
          serial_bayou_pond_d, serial_bayou_pond_d, serial_bayou_pond_c,
          serial_bayou_shore_b, serial_bayou_pond_e
D:2:      layout_basic, pf_guarded_unrand_delatra

Skill      XL: |  1  2  3 |
---------------+----------+-----
Maces & Flails | 3 4 |  4.8
Fighting       | |  3.0
Armour         | |  1.7
Dodging        | |  0.8

Action                   |  1- 3 |  4- 6 || total
-------------------------+-------+-------++-------
Melee: Mace              |    91 |    25 ||   116
       Kick              |     1 |       ||     1
       Punch             |     1 |       ||     1
Throw: Dart              |     1 |       ||     1
 Stab: Sleeping          |     1 |       ||     1
Armor: Leather armour    |    26 |       ||    26
       Plate armour      |       |    22 ||    22
Dodge: Dodged            |    43 |     8 ||    51
